 Dungeon Crawl Stone Soup version 0.21.1-1-g345015f (webtiles) character file.

106 inc the Ducker (level 4, 18/18 HPs)
             Began as a Felid Ice Elementalist on Mar 3, 2018.
             Quit the game on level 5 of the Dungeon.
             The game lasted 00:09:15 (4867 turns).

inc the Ducker (Felid Ice Elementalist)             Turns: 4867, Time: 00:09:16

Health: 18/18      AC:  1    Str:  4    XL:     4   Next: 55%
Magic:  8/8        EV: 20    Int: 17    God:
Gold:   218        SH:  0    Dex: 17    Spells: 3/7 levels left
                                        Lives:  0   Deaths: 1

rFire    . . .     SeeInvis +     - Unarmed
rCold    . . .     Gourm    .   (shield unavailable)
rNeg     . . .     Faith    .   (armour unavailable)
rPois    .         Spirit   .   (helmet unavailable)
rElec    .         Reflect  .   (cloak unavailable)
rCorr    .         Harm     .   (gloves unavailable)
MR       .....                  (boots unavailable)
Stlth    +++.......             (no amulet)
HPRegen  0.06/turn              (no ring)
MPRegen  0.11/turn              (no ring)

@: quick
A: very small, no armour, no weapons or thrown items, stealth, claws 1, fangs 3,
see invisible, carnivore, speed 1, shaggy fur 1, slow metabolism 1, sharp paws
a: no special abilities


You were on level 5 of the Dungeon.
You were not hungry.

You visited 1 branch of the dungeon, and saw 5 of its levels.

You collected 218 gold pieces.

Inventory:

Jewellery
 e - an uncursed ring of fire
 f - an uncursed amulet of faith
 l - an uncursed amulet of harm
Wands
 u - a wand of digging (13)
Scrolls
 c - 2 scrolls of enchant armour {unknown}
 g - 2 scrolls of magic mapping {unknown}
 i - a scroll of teleportation {unknown}
 j - 2 scrolls of fear {unknown}
 k - 2 scrolls of blinking {unknown}
 m - 4 scrolls of amnesia
 q - 4 scrolls of remove curse {unknown}
Potions
 d - a potion of haste
 h - a potion of heal wounds
 n - 2 potions of agility
 o - a potion of degeneration {unknown}
 p - 2 potions of curing {unknown}
 r - a potion of flight {unknown}
 s - a potion of resistance {unknown}
 t - a potion of mutation {unknown}
 v - a potion of brilliance {unknown}
Books
 a - a book of Frost

   Spells                             Type                      Level
   a - Freeze                         Ice                          1
   b - Throw Frost                    Conjuration/Ice              2
   c - Ozocubu's Armour               Charms/Ice                   3
   d - Throw Icicle                   Conjuration/Ice              4
   e - Summon Ice Beast               Ice/Summoning                4
Comestibles
 b - 5 rations


   Skills:
 - Level 5.0 Dodging
 - Level 2.6 Stealth
 - Level 3.0 Unarmed Combat
 - Level 2.0 Spellcasting
   Level 0.8 Conjurations
 + Level 2.6 Charms
 - Level 3.1 Ice Magic


You had 3 spell levels left.
You knew the following spells:

 Your Spells              Type           Power        Failure   Level  Hunger
a - Freeze                Ice            ##..         5%          1    #......
b - Ozocubu's Armour      Chrm/Ice       ##......     17%         3    ###....


Dungeon Overview and Level Annotations

Branches:
Dungeon (5/15)
 Temple: D:4-7

Altars:
Dithmenos
Elyvilon
Fedhas
Makhleb
Okawaru

Annotations:
D:4 1994's ghost, novice OgFi
D:5 Edmund


Innate Abilities, Weirdness & Mutations

You cannot wear armour.
You are incapable of wielding weapons or throwing items.
Your paws allow you to move quietly. (Stealth)
You have sharp claws.
You have razor-sharp teeth.
You have supernaturally acute eyesight. (SInv)
You are carnivorous and can eat meat at any time.
You cover ground quickly.
You are covered in fur. (AC +1)
You have a slow metabolism.
Your sharp claws are effective at attacking unaware monsters.


Message History

Casting: Freeze
Confirm with . or Enter, or press ? or * to list all spells.
Aiming: Freeze
Press: ? - help, Shift-Dir - straight line, f/p - Edmund
Aim: Edmund, wielding a dire flail of crushing and wearing a shiny ring mail (moderately wounded, unusually strong)
You freeze Edmund.
Edmund is heavily wounded.
Edmund hits you with a dire flail of crushing.
Casting: Freeze
Confirm with . or Enter, or press ? or * to list all spells.
You don't have enough magic to cast that spell.
Unknown command.
You scratch Edmund.
Edmund is heavily wounded.
Edmund hits you with a dire flail of crushing!!
Ouch! That really hurt!
You die...
You are now level 4!
You rejoin the land of the living...
Are you sure you want to abandon this character and quit the game? (Confirm with "yes".)

#.# #.# #.# #.# #.#
#.# #.# #.# #.# #.#
#.# #.# #.#
######.#####. #.#
#............# #.#
#@##########.. #.#
#.# #.######## #.#
#........####.##
####.........#.####
#...#.##.###†..#
##.##.### #.@#..#
#......# ...## ....
#<.##.#####. ####


There were no monsters in sight!

Vanquished Creatures
  An orc priest (D:3)
  A centaur skeleton (D:4)
  A worker ant (D:4)
  A hound skeleton (D:4)
  2 gnolls (D:3)
  An adder (D:2)
  3 worms
  A dart slug (D:2)
  2 leopard geckos
  5 orcs
  2 giant cockroaches
  7 goblins
  6 hobgoblins
  6 jackals
  2 quokkas (D:3)
  A ball python (D:2)
  8 bats
  2 frilled lizards
  7 kobolds
  8 rats
67 creatures vanquished.

Notes
Turn   | Place    | Note
-------+----------+-------------------------------------------
     0 | D:1      | inc the Felid Ice Elementalist began the quest for the Orb.
     0 | D:1      | Reached XP level 1. HP: 7/7 MP: 4/4
   491 | D:1      | Reached XP level 2. HP: 11/11 MP: 6/6
   517 | D:1      | Reached skill level 1 in Unarmed Combat
  1070 | D:2      | Reached XP level 3. HP: 11/14 MP: 4/7
  1307 | D:2      | Found a burning altar of Makhleb.
  1307 | D:2      | Noticed a balrug
  1310 | D:2      | Noticed a hellwing
  1310 | D:2      | Noticed an orange demon
  1421 | D:2      | Found a shadowy altar of Dithmenos.
  1422 | D:2      | Found an iron altar of Okawaru.
  1523 | D:3      | Found a white marble altar of Elyvilon.
  1979 | D:3      | Learned a level 3 spell: Ozocubu's Armour
  2023 | D:3      | Reached skill level 3 in Dodging
  2023 | D:3      | Reached XP level 4. HP: 13/18 MP: 4/8
  2815 | D:3      | Reached skill level 4 in Dodging
  2872 | D:4      | Noticed 1994's ghost (novice OgFi)
  3458 | D:4      | Reached skill level 5 in Dodging
  3458 | D:4      | Reached XP level 5. HP: 19/21 MP: 9/9
  3755 | D:4      | Reached skill level 1 in Charms
  3907 | D:5      | Entered Level 5 of the Dungeon
  3907 | D:5      | Noticed a phantom
  4764 | D:4      | Found a blossoming altar of Fedhas.
  4858 | D:5      | Noticed Edmund
  4866 | D:5      | Slain by Edmund
  4867 | D:5      | Reached XP level 4. HP: -4/18 MP: 0/8
  4867 | D:5      | Quit the game

Skill      XL: |  1  2  3  4  5 |
---------------+----------------+-----
Ice Magic      | 3 |  3.1
Unarmed Combat | 2 3 |  3.0
Dodging        | 3 5 |  5.0
Charms         | 2 |  2.6
Stealth        | |  2.6
Spellcasting   | |  2.0
Conjurations   | |  0.8

Action                   |  1- 3 |  4- 6 || total
-------------------------+-------+-------++-------
Melee: Unarmed           |    24 |    47 ||    71
       Bite              |     2 |     2 ||     4
 Cast: Freeze            |    64 |    45 ||   109
       Ozocubu's Armour  |       |     6 ||     6
  Use: Scroll            |     3 |     2 ||     5
       Potion            |       |     1 ||     1
 Stab: Sleeping          |     7 |     3 ||    10
  Eat: Chunk             |     3 |     7 ||    10
       Ration            |       |     1 ||     1
Armor: Skin              |     5 |     4 ||     9
Dodge: Dodged            |    66 |    69 ||   135
